| TOP OF THE 1ST |
|
Roswell Invaders batting - Pitching for Madison Brewers : LHP Jon Ortiz
|
|
Pitching: LHP Jon Ortiz
|
|
|
Batting: LHB Danny Salas
|
0-0: Ball 1-0: Swinging Strike 1-1: Ball 2-1: SINGLE (Line Drive, 78S, EV 108.8 MPH)
|
|
Batting: RHB Chris Jones
|
0-0: Called Strike 0-1: Ball 1-1: Ball 2-1: Foul Ball, location: 2F 2-2: Fly out, F8 (Flyball, 78S, EV 81.9 MPH)
|
|
Batting: LHB Nelson Pelico
|
0-0: Swinging Strike 0-1: Swinging Strike 0-2: Strikes out looking
|
|
Batting: RHB Cesar Rendon
|
0-0: Ball 1-0: Ball 2-0: Ball 3-0: Called Strike 3-1: SINGLE (Line Drive, 8LS, EV 101.9 MPH) Danny Salas to second
|
|
Batting: RHB Jimmy McIntosh
|
0-0: Called Strike 0-1: Foul Ball, location: 2F 0-2: Strikes out swinging
|
| Top of the 1st over - 0 runs, 2 hits, 0 errors, 2 left on base; Roswell 0 - Madison 0 |
| BOTTOM OF THE 1ST |
|
Madison Brewers batting - Pitching for Roswell Invaders : RHP Jose Rodas
|
|
Pitching: RHP Jose Rodas
|
|
|
Batting: RHB Mohammed bin Ubaida
|
0-0: Called Strike 0-1: Ball 1-1: Foul Ball, location: 2F 1-2: Strikes out swinging
|
|
Batting: LHB Alex Chairez
|
0-0: Swinging Strike 0-1: Ball 1-1: Ball 2-1: Ball 3-1: Base on Balls
|
|
Batting: LHB Steven Donovan
|
0-0: Called Strike Alex Chairez is caught stealing 2nd base 2-6 0-1: Ball 1-1: Called Strike 1-2: Ball 2-2: Ball 3-2: SINGLE (Groundball, 56S, EV 73.8 MPH) (infield hit)
|
|
Batting: LHB Dusty Bryant
|
0-0: Called Strike Steven Donovan is caught stealing 2nd base 2-6
|
| Bottom of the 1st over - 0 runs, 1 hit, 0 errors, 0 left on base; Roswell 0 - Madison 0 |
| TOP OF THE 2ND |
|
Roswell Invaders batting - Pitching for Madison Brewers : LHP Jon Ortiz
|
|
Batting: RHB John Ricketts
|
0-0: Fly out, F9 (Flyball, 9LS, EV 92.5 MPH)
|
|
Batting: LHB Angelo Lira
|
0-0: Ball 1-0: Reached on error, E4 (Groundball, 4, EV 89.4 MPH)
|
|
Batting: RHB Carlos Gonzalez
|
0-0: Ball 1-0: Grounds into double play, 4-6-3 (Groundball, 4, EV 88.1 MPH)
|
| Top of the 2nd over - 0 runs, 0 hits, 1 error, 0 left on base; Roswell 0 - Madison 0 |
| BOTTOM OF THE 2ND |
|
Madison Brewers batting - Pitching for Roswell Invaders : RHP Jose Rodas
|
|
Batting: LHB Dusty Bryant
|
0-0: Ball 1-0: Ball 2-0: Ball 3-0: Called Strike 3-1: Called Strike 3-2: Ground out U3 (Groundball, 3, EV 106.9 MPH)
|
|
Batting: RHB Steve Errico
|
0-0: Foul Ball, location: 2F 0-1: Ball 1-1: SINGLE (Line Drive, 56, EV 95.6 MPH)
|
|
Batting: RHB Xiao-shuang Au
|
0-0: SINGLE (Flyball, 4MD, EV 91.9 MPH) Steve Errico to second
|
|
Batting: LHB Jesus Huante
|
0-0: Ball 1-0: Ball 2-0: Fly out, F8 (Line Drive, 8RD, EV 95.6 MPH) Throwing error, E8 Steve Errico scores Xiao-shuang Au to second
|
|
Batting: RHB Lorenzo Diaz
|
0-0: Called Strike 0-1: Ball 1-1: Foul Ball, location: 2F 1-2: Ball 2-2: Ball 3-2: Strikes out swinging
|
| Bottom of the 2nd over - 1 run, 2 hits, 1 error, 1 left on base; Roswell 0 - Madison 1 |
| TOP OF THE 3RD |
|
Roswell Invaders batting - Pitching for Madison Brewers : LHP Jon Ortiz
|
|
Batting: RHB Devon House
|
0-0: Called Strike 0-1: Ball 1-1: Called Strike 1-2: Strikes out swinging
|
|
Batting: LHB Danny Salas
|
0-0: Fly out, F8 (Flyball, 8RD, EV 95.0 MPH)
|
|
Batting: RHB Chris Jones
|
0-0: Ball 1-0: Foul Ball, location: 2F 1-1: Foul Ball, location: 2F 1-2: Foul Ball, location: 2F 1-2: SINGLE (Line Drive, 9S, EV 92.5 MPH)
|
|
Batting: LHB Nelson Pelico
|
0-0: Ball 1-0: Called Strike 1-1: Swinging Strike 1-2: Foul Ball, location: 2F 1-2: Ball 2-2: Foul Ball, location: 2F 2-2: Ball 3-2: Foul Ball, location: 2F 3-2: Base on Balls Chris Jones to second
|
|
Batting: RHB Cesar Rendon
|
0-0: Ball 1-0: Fly out, F8 (Flyball, 8RXD, EV 97.5 MPH)
|
| Top of the 3rd over - 0 runs, 1 hit, 0 errors, 2 left on base; Roswell 0 - Madison 1 |
| BOTTOM OF THE 3RD |
|
Madison Brewers batting - Pitching for Roswell Invaders : RHP Jose Rodas
|
|
Batting: RHB Malcolm McCauley
|
0-0: Called Strike 0-1: Swinging Strike 0-2: Strikes out swinging
|
|
Batting: RHB Mohammed bin Ubaida
|
0-0: Ball 1-0: Ground out 6-3 (Groundball, 6, EV 96.9 MPH)
|
|
Batting: LHB Alex Chairez
|
0-0: Ground out 4-3 (Groundball, 4, EV 78.8 MPH)
|
| Bottom of the 3rd over - 0 runs, 0 hits, 0 errors, 0 left on base; Roswell 0 - Madison 1 |
| TOP OF THE 4TH |
|
Roswell Invaders batting - Pitching for Madison Brewers : LHP Jon Ortiz
|
|
Batting: RHB Jimmy McIntosh
|
0-0: Ball 1-0: Ball 2-0: Ground out 5-3 (Groundball, 56S, EV 68.8 MPH)
|
|
Batting: RHB John Ricketts
|
0-0: Called Strike 0-1: Ball 1-1: Foul Ball, location: 2F 1-2: SOLO HOME RUN (Flyball, 7LD, EV 90.6 MPH), Distance : 330 ft
|
|
Batting: LHB Angelo Lira
|
0-0: Foul Ball, location: 2F 0-1: Swinging Strike 0-2: Ball 1-2: Ball 2-2: Foul Ball, location: 2F 2-2: Strikes out swinging
|
|
Batting: RHB Carlos Gonzalez
|
0-0: Called Strike 0-1: Swinging Strike 0-2: Ball 1-2: Foul Ball, location: 2F 1-2: Ball 2-2: Ball 3-2: Base on Balls
|
|
Batting: RHB Devon House
|
0-0: Called Strike 0-1: Ball 1-1: Ball 2-1: SINGLE (Groundball, 6D, EV 103.8 MPH) Carlos Gonzalez to second Runner from 2nd tries for 3rd, SAFE, throw by LF made to third
|
|
Batting: LHB Danny Salas
|
0-0: Called Strike 0-1: Ball 1-1: Swinging Strike 1-2: Fielders Choice at 2nd, 6-4 (Groundball, 6, EV 90.0 MPH)
|
| Top of the 4th over - 1 run, 2 hits, 0 errors, 2 left on base; Roswell 1 - Madison 1 |
| BOTTOM OF THE 4TH |
|
Madison Brewers batting - Pitching for Roswell Invaders : RHP Jose Rodas
|
|
Batting: LHB Steven Donovan
|
0-0: Called Strike 0-1: Ball 1-1: Ball 2-1: Fly out, F9 (Flyball, 9D, EV 100.0 MPH)
|
|
Batting: LHB Dusty Bryant
|
0-0: Ball 1-0: Called Strike 1-1: Foul Ball, location: 2F 1-2: Strikes out swinging
|
|
Batting: RHB Steve Errico
|
0-0: Called Strike 0-1: Swinging Strike 0-2: Ground out 4-3 (Groundball, 4S, EV 83.1 MPH)
|
| Bottom of the 4th over - 0 runs, 0 hits, 0 errors, 0 left on base; Roswell 1 - Madison 1 |
| TOP OF THE 5TH |
|
Roswell Invaders batting - Pitching for Madison Brewers : LHP Jon Ortiz
|
|
Batting: RHB Chris Jones
|
0-0: Called Strike 0-1: DOUBLE (Line Drive, 89M, EV 99.4 MPH)
|
|
Batting: LHB Nelson Pelico
|
0-0: Ball 1-0: Ground out U3 (Groundball, 3L, EV 82.5 MPH) Chris Jones to third
|
|
Batting: RHB Cesar Rendon
|
0-0: Ball 1-0: Called Strike 1-1: SINGLE (Flyball, 8LS, EV 93.1 MPH) Chris Jones scores
|
|
Batting: RHB Jimmy McIntosh
|
0-0: Called Strike 0-1: Ball 1-1: Ball 2-1: Ball 3-1: Foul Ball, location: 2F 3-2: Fly out, F8 (Flyball, 8LM, EV 83.8 MPH)
|
|
Batting: RHB John Ricketts
|
0-0: Hit by Pitch Cesar Rendon to second
|
|
Batting: LHB Angelo Lira
|
0-0: Ball 1-0: Ground out 6-3 (Groundball, 6S, EV 77.5 MPH)
|
| Top of the 5th over - 1 run, 2 hits, 0 errors, 2 left on base; Roswell 2 - Madison 1 |
| BOTTOM OF THE 5TH |
|
Madison Brewers batting - Pitching for Roswell Invaders : RHP Jose Rodas
|
|
Batting: RHB Xiao-shuang Au
|
0-0: Fly out, F7 (Flyball, 7, EV 87.5 MPH)
|
|
Batting: LHB Jesus Huante
|
0-0: Called Strike 0-1: Swinging Strike 0-2: Ball 1-2: Ball 2-2: Ground out U3 (Groundball, 34S, EV 88.1 MPH)
|
|
Batting: RHB Lorenzo Diaz
|
0-0: Called Strike 0-1: Fly out, F9 (Flyball, 89S, EV 78.8 MPH)
|
| Bottom of the 5th over - 0 runs, 0 hits, 0 errors, 0 left on base; Roswell 2 - Madison 1 |
| TOP OF THE 6TH |
|
Roswell Invaders batting - Pitching for Madison Brewers : LHP Jon Ortiz
|
|
Batting: RHB Carlos Gonzalez
|
0-0: Called Strike 0-1: Ball 1-1: Foul Ball, location: 2F 1-2: Ball 2-2: Foul Ball, location: 2F 2-2: Fly out, F7 (Flyball, 7, EV 93.1 MPH)
|
|
Batting: RHB Devon House
|
0-0: Ball 1-0: Swinging Strike 1-1: Foul Ball, location: 2F 1-2: Strikes out looking
|
|
Batting: LHB Danny Salas
|
0-0: SINGLE (Line Drive, 8RS, EV 111.2 MPH)
|
|
Batting: RHB Chris Jones
|
0-0: Fly out, F8 (Flyball, 78M, EV 86.2 MPH)
|
| Top of the 6th over - 0 runs, 1 hit, 0 errors, 1 left on base; Roswell 2 - Madison 1 |
| BOTTOM OF THE 6TH |
|
Madison Brewers batting - Pitching for Roswell Invaders : RHP Jose Rodas
|
|
Batting: RHB Malcolm McCauley
|
0-0: Ball 1-0: Called Strike 1-1: Swinging Strike 1-2: Strikes out swinging
|
|
Batting: RHB Mohammed bin Ubaida
|
0-0: Ball 1-0: Swinging Strike 1-1: Ball 2-1: Swinging Strike 2-2: Strikes out swinging
|
|
Batting: LHB Alex Chairez
|
0-0: Ground out 4-3 (Groundball, 34D, EV 82.5 MPH)
|
| Bottom of the 6th over - 0 runs, 0 hits, 0 errors, 0 left on base; Roswell 2 - Madison 1 |
| TOP OF THE 7TH |
|
Roswell Invaders batting - Pitching for Madison Brewers : LHP Jon Ortiz
|
|
Batting: LHB Nelson Pelico
|
0-0: Ball 1-0: Foul Ball, location: 2F 1-1: Called Strike 1-2: Ball 2-2: Fly out, F8 (Flyball, 8LD, EV 99.4 MPH)
|
|
Batting: RHB Cesar Rendon
|
0-0: Ground out 4-3 (Groundball, 34D, EV 84.4 MPH)
|
|
Batting: RHB Jimmy McIntosh
|
0-0: Ball 1-0: Ball 2-0: Ball 3-0: Called Strike 3-1: Base on Balls
|
|
Batting: RHB John Ricketts
|
0-0: Called Strike 0-1: DOUBLE (Line Drive, 3D, EV 107.5 MPH) Jimmy McIntosh to third
|
|
Batting: LHB Angelo Lira
|
0-0: Ball 1-0: Foul Ball, location: 2F 1-1: Ball 2-1: Ball 3-1: Swinging Strike 3-2: Strikes out swinging
|
| Top of the 7th over - 0 runs, 1 hit, 0 errors, 2 left on base; Roswell 2 - Madison 1 |
| BOTTOM OF THE 7TH |
|
Madison Brewers batting - Pitching for Roswell Invaders : RHP Jose Rodas
|
|
Batting: LHB Steven Donovan
|
0-0: Ball 1-0: Called Strike 1-1: Ball 2-1: Ball 3-1: Base on Balls
|
|
Batting: LHB Dusty Bryant
|
0-0: Called Strike 0-1: Ball 1-1: Called Strike 1-2: Ground out 6-3 (Groundball, 4D, EV 105.0 MPH) Steven Donovan to second
|
|
Batting: RHB Steve Errico
|
0-0: Called Strike 0-1: Ball 1-1: Ball 2-1: Ground out 6-3 (Groundball, 6M, EV 86.2 MPH) Steven Donovan to third
|
|
Pitching: LHP Sam Davis
|
|
|
Batting: RHB Xiao-shuang Au
|
0-0: Foul Ball, location: 2F 0-1: Ball 1-1: Ball 2-1: Fly out, F8 (Flyball, 8LD, EV 75.0 MPH)
|
| Bottom of the 7th over - 0 runs, 0 hits, 0 errors, 1 left on base; Roswell 2 - Madison 1 |
| TOP OF THE 8TH |
|
Roswell Invaders batting - Pitching for Madison Brewers : LHP Jon Ortiz
|
|
Pitching: RHP Troy Morin
|
|
|
Batting: RHB Carlos Gonzalez
|
0-0: Ground out 4-3 (Groundball, 34, EV 97.5 MPH)
|
|
Batting: RHB Devon House
|
0-0: Swinging Strike 0-1: Ball 1-1: Ball 2-1: Ball 3-1: Base on Balls
|
|
Batting: LHB Danny Salas
|
0-0: Ball 1-0: Ball 2-0: Fly out, F4 (Line Drive, 4D, EV 66.2 MPH)
|
|
Batting: RHB Chris Jones
|
0-0: Reached on error, E1 (Groundball, P, EV 67.5 MPH) Devon House to second
|
|
Pinch Runner at 2nd Isaiah Hampton:
|
|
|
Batting: LHB Nelson Pelico
|
0-0: Called Strike 0-1: Ball 1-1: Fly out, F5 (Line Drive, 56D, EV 64.4 MPH)
|
| Top of the 8th over - 0 runs, 0 hits, 1 error, 2 left on base; Roswell 2 - Madison 1 |
| BOTTOM OF THE 8TH |
|
Madison Brewers batting - Pitching for Roswell Invaders : LHP Sam Davis
|
|
Now at 3B: Nelson Pelico
|
|
|
Now in CF: Isaiah Hampton
|
|
|
Pinch Hitting: RHB Tony Beaumond
|
0-0: Ball 1-0: Swinging Strike 1-1: Ball 2-1: SOLO HOME RUN (Line Drive, 7LD, EV 95.6 MPH), Distance : 347 ft
|
|
Batting: RHB Lorenzo Diaz
|
0-0: Ball 1-0: Ball 2-0: Fly out, F7 (Line Drive, 7, EV 96.9 MPH)
|
|
Pinch Hitting: LHB Greg Reedy
|
0-0: Called Strike 0-1: Ball 1-1: Foul Ball, location: 2F 1-2: Strikes out looking
|
|
Batting: RHB Mohammed bin Ubaida
|
0-0: SINGLE (Line Drive, 6D, EV 95.0 MPH)
|
|
Batting: RHB Wiliama Dana
|
0-0: Called Strike 0-1: Foul Ball, location: 2F 0-2: Strikes out swinging
|
| Bottom of the 8th over - 1 run, 2 hits, 0 errors, 1 left on base; Roswell 2 - Madison 2 |
| TOP OF THE 9TH |
|
Roswell Invaders batting - Pitching for Madison Brewers : RHP Troy Morin
|
|
Now at 1B: Eli Valles
|
|
|
Now in CF: Todd Massad
|
|
|
Batting: RHB Cesar Rendon
|
0-0: Called Strike 0-1: Ground out U3 (Groundball, 34, EV 105.0 MPH)
|
|
Batting: RHB Jimmy McIntosh
|
0-0: Ball 1-0: Fly out, F8 (Flyball, 8RM, EV 90.0 MPH)
|
|
Batting: RHB John Ricketts
|
0-0: Foul Ball, location: 2F 0-1: Ball 1-1: Foul Ball, location: 2F 1-2: Ground out 5-3 (Groundball, 56, EV 106.9 MPH)
|
| Top of the 9th over - 0 runs, 0 hits, 0 errors, 0 left on base; Roswell 2 - Madison 2 |
| BOTTOM OF THE 9TH |
|
Madison Brewers batting - Pitching for Roswell Invaders : LHP Sam Davis
|
|
Batting: LHB Steven Donovan
|
0-0: Ball 1-0: Ball 2-0: Ball 3-0: Base on Balls
|
|
Batting: LHB Dusty Bryant
|
0-0: Ball 1-0: Called Strike 1-1: Called Strike 1-2: Ball 2-2: Fly out, F8 (Flyball, 8LD, EV 96.2 MPH)
|
|
Batting: RHB Steve Errico
|
0-0: Ball 1-0: Swinging Strike 1-1: Ball 2-1: Fly out, F3 (Popup, 3SF, EV 73.1 MPH)
|
|
Batting: RHB Xiao-shuang Au
|
0-0: Ball 1-0: Called Strike 1-1: Ground out 6-3 (Groundball, 56, EV 98.8 MPH)
|
| Bottom of the 9th over - 0 runs, 0 hits, 0 errors, 1 left on base; Roswell 2 - Madison 2 |
| TOP OF THE 10TH |
|
Roswell Invaders batting - Pitching for Madison Brewers : RHP Troy Morin
|
|
Batting: LHB Angelo Lira
|
0-0: Ball 1-0: Ball 2-0: Foul Ball, location: 2F 2-1: Foul Ball, location: 2F 2-2: Ground out 2-3 (Groundball, 13S, EV 68.1 MPH)
|
|
Batting: RHB Carlos Gonzalez
|
0-0: Swinging Strike 0-1: Fly out, F8 (Flyball, 8LD, EV 105.6 MPH)
|
|
Batting: RHB Isaiah Hampton
|
0-0: Ball 1-0: Ball 2-0: Called Strike 2-1: Ground out 6-3 (Groundball, 6, EV 78.1 MPH)
|
| Top of the 10th over - 0 runs, 0 hits, 0 errors, 0 left on base; Roswell 2 - Madison 2 |
| BOTTOM OF THE 10TH |
|
Madison Brewers batting - Pitching for Roswell Invaders : LHP Sam Davis
|
|
Batting: RHB Eli Valles
|
0-0: Swinging Strike 0-1: Ball 1-1: Swinging Strike 1-2: SINGLE (Line Drive, 4M, EV 93.8 MPH)
|
|
Batting: RHB Lorenzo Diaz
|
0-0: Ball 1-0: Swinging Strike 1-1: SINGLE (Line Drive, 8LS, EV 97.5 MPH) Eli Valles to second
|
|
Pitching: LHP Bobby Manning
|
|
|
Batting: RHB Todd Massad
|
0-0: Foul Ball, location: 2F 0-1: Called Strike 0-2: Ball 1-2: Foul Ball, location: 2F 1-2: Ball 2-2: Ball 3-2: Base on Balls Eli Valles to third Lorenzo Diaz to second
|
|
Batting: RHB Mohammed bin Ubaida
|
0-0: Called Strike 0-1: Ball 1-1: GRAND SLAM HOME RUN (Flyball, 7D, EV 96.2 MPH), Distance : 375 ft
|
| Bottom of the 10th over - 4 runs, 3 hits, 0 errors, 0 left on base; Roswell 2 - Madison 6 |
|